General information
- name: BNet
- type: Ladder team game (AT/RT)
- host: Battle.net
- saver: CantFeelMyFace
map: TwilightRuins
- players: 8
- length: 39:09
- speed: Fast
- version: 1.26 W3XP
- replay type: Public
» download(241 KB)
Players
team 1 (loser)
LaTLmachoisie (
teal | 79 APM | 2288 actions | 28:59)
7 Mountain King
3 Storm Bolt
3 Bash
1 Avatar
5 Paladin
3 Holy Light
2 Divine Shield
» actions
| Assign group hotkey | 71 | |
| Basic commands | 22 | |
| Build / train | 121 | |
| Enter build submenu | 47 | |
| Enter hero's abilities submenu | 12 | |
| Give item / drop item | 13 | |
| Remove unit from queue | 8 | |
| Right click | 916 | |
| Select / deselect | 480 | |
| Select group hotkey | 470 | |
| Use ability | 127 | |
2288 total
» units
| Peasant | 17 | |
| Rifleman | 16 | |
| Mortar Team | 3 | |
| Flying Machine | 10 | |
| Siege Engine | 1 | |
47 total
» upgrades
| Gunpowder | 2 | |
| Armor | 2 | |
| Masonry | 2 | |
| Long Rifles | 1 | |
| Lumber Harvesting | 1 | |
| Fragmentation Shards | 1 | |
| Flying Machine Bombs | 1 | |
| Flak Cannons | 1 | |
| Barrage | 1 | |
12 total
» buildings
| Altar of Kings | 1 | |
| Farm | 15 | |
| Blacksmith | 1 | |
| Barracks | 2 | |
| Scout Tower | 12 | |
| Town Hall | 4 | |
| Arcane Vault | 2 | |
| Lumber Mill | 2 | |
| Keep | 1 | |
| Arcane Tower | 1 | |
| Guard Tower | 9 | |
| Castle | 1 | |
| Workshop | 2 | |
53 total
» build order
00:10 Altar of Kings
00:21 Farm
00:57 Farm
01:33 Blacksmith
02:01 Barracks
02:03 Barracks
02:45 Farm
03:47 Scout Tower
04:14 Town Hall
04:39 Arcane Vault
04:44 Lumber Mill
05:30 Farm
05:36 Farm
06:16 Farm
06:20 Farm
07:10 Keep
07:11 Farm
08:01 Farm
08:07 Arcane Tower
08:08 Scout Tower
08:09 Scout Tower
08:11 Arcane Vault
08:13 Scout Tower
08:41 Guard Tower
08:54 Scout Tower
09:37 Guard Tower
09:39 Scout Tower
09:42 Scout Tower
10:34 Scout Tower
10:35 Guard Tower
11:12 Guard Tower
11:13 Scout Tower
11:16 Scout Tower
11:26 Guard Tower
11:42 Guard Tower
12:14 Scout Tower
12:15 Guard Tower
12:21 Scout Tower
12:44 Castle
12:46 Guard Tower
12:49 Guard Tower
12:52 Lumber Mill
12:59 Workshop
13:01 Workshop
15:33 Farm
15:33 Farm
16:13 Farm
16:13 Farm
16:56 Farm
16:56 Farm
21:04 Town Hall
25:17 Town Hall
25:41 Town Hall
» items
| Scroll of Regeneration | 7 | |
| Lesser Clarity Potion | 5 | |
| Boots of Speed | 1 | |
| Scroll of Town Portal | 8 | |
| Potion of Healing | 2 | |
| Potion of Lesser Invulnerability | 3 | |
| Scroll of Healing | 1 | |
| Potion of Mana | 1 | |
28 total
FatFreeWa.r3 (
yellow | 95 APM | 3737 actions | 39:08)
9 Archmage
3 Summon Water Elemental
3 Brilliance Aura
2 Blizzard
1 Mass Teleport
» actions
| Assign group hotkey | 128 | |
| Basic commands | 106 | |
| Build / train | 214 | |
| Enter build submenu | 61 | |
| Enter hero's abilities submenu | 12 | |
| Give item / drop item | 9 | |
| Right click | 1171 | |
| Select / deselect | 534 | |
| Select group hotkey | 1302 | |
| Use ability | 200 | |
3737 total
» units
| Peasant | 26 | |
| Footman | 5 | |
| Goblin Shredder | 3 | |
| Sorceress | 1 | |
| Gryphon Rider | 3 | |
| Goblin Sapper | 10 | |
| Siege Engine | 5 | |
| Rifleman | 7 | |
| Dragonhawk Rider | 2 | |
| Knight | 2 | |
64 total
» upgrades
| Masonry | 4 | |
| Lumber Harvesting | 2 | |
| Swords | 3 | |
| Sorceress Training | 2 | |
| Armor | 3 | |
| Storm Hammers | 1 | |
| Animal War Training | 1 | |
| Cloud | 1 | |
| Gunpowder | 3 | |
| Long Rifles | 1 | |
| Barrage | 1 | |
| Fragmentation Shards | 1 | |
| Defend | 1 | |
| Plating | 3 | |
| Magic Sentry | 1 | |
| Backpack | 1 | |
| Flak Cannons | 1 | |
| Flying Machine Bombs | 1 | |
| Flare | 1 | |
| Priest Training | 1 | |
33 total
» buildings
| Altar of Kings | 1 | |
| Barracks | 2 | |
| Farm | 11 | |
| Arcane Vault | 1 | |
| Lumber Mill | 1 | |
| Town Hall | 5 | |
| Keep | 1 | |
| Scout Tower | 26 | |
| Arcane Tower | 3 | |
| Guard Tower | 37 | |
| Blacksmith | 1 | |
| Castle | 1 | |
| Arcane Sanctum | 1 | |
| Gryphon Aviary | 5 | |
| Workshop | 3 | |
99 total
» build order
01:06 Altar of Kings
01:09 Barracks
01:14 Farm
01:17 Farm
01:22 Farm
01:35 Farm
02:15 Arcane Vault
02:25 Lumber Mill
02:36 Farm
04:26 Town Hall
05:06 Keep
05:33 Scout Tower
05:35 Scout Tower
05:35 Scout Tower
05:37 Scout Tower
05:39 Scout Tower
06:06 Arcane Tower
06:06 Arcane Tower
06:07 Guard Tower
06:08 Guard Tower
06:08 Guard Tower
06:09 Guard Tower
06:09 Guard Tower
07:05 Blacksmith
07:09 Scout Tower
07:10 Scout Tower
07:11 Scout Tower
07:13 Scout Tower
07:25 Guard Tower
07:28 Castle
07:34 Arcane Sanctum
07:57 Guard Tower
07:57 Guard Tower
07:58 Guard Tower
07:59 Guard Tower
07:59 Guard Tower
08:00 Guard Tower
08:00 Guard Tower
08:00 Guard Tower
08:38 Gryphon Aviary
08:40 Gryphon Aviary
08:45 Scout Tower
08:46 Scout Tower
09:21 Guard Tower
09:21 Guard Tower
09:21 Guard Tower
09:23 Scout Tower
09:29 Scout Tower
10:22 Guard Tower
12:42 Guard Tower
12:42 Guard Tower
12:42 Guard Tower
12:45 Scout Tower
12:46 Scout Tower
12:46 Scout Tower
12:48 Scout Tower
13:37 Guard Tower
13:38 Guard Tower
14:08 Gryphon Aviary
14:09 Gryphon Aviary
14:12 Gryphon Aviary
14:16 Workshop
14:17 Workshop
14:20 Workshop
14:23 Barracks
16:23 Farm
16:23 Farm
16:24 Farm
16:27 Farm
18:37 Scout Tower
18:39 Scout Tower
18:39 Scout Tower
18:43 Scout Tower
19:14 Farm
19:16 Farm
23:13 Town Hall
26:35 Scout Tower
26:36 Scout Tower
26:36 Scout Tower
26:38 Scout Tower
26:39 Scout Tower
27:07 Guard Tower
27:07 Guard Tower
27:07 Guard Tower
27:14 Town Hall
27:16 Guard Tower
29:49 Town Hall
32:58 Town Hall
» items
| Gloves of Haste | 1 | |
| Scroll of Regeneration | 6 | |
| Lesser Clarity Potion | 1 | |
| Mechanical Critter | 2 | |
| Periapt of Vitality | 2 | |
| Staff of Teleportation | 1 | |
| Potion of Invisibility | 4 | |
| Tome of Retraining | 1 | |
| Scroll of Town Portal | 4 | |
| Staff of Sanctuary | 1 | |
| Claws of Attack +9 | 1 | |
24 total

»
beefcakes (
pink | 47 APM | 758 actions | 16:12)
3 Mountain King
2 Storm Bolt
1 Bash
3 Paladin
2 Holy Light
1 Devotion Aura
» actions
| Assign group hotkey | 13 | |
| Basic commands | 1 | |
| Build / train | 46 | |
| Enter build submenu | 21 | |
| Enter hero's abilities submenu | 7 | |
| Right click | 207 | |
| Select / deselect | 139 | |
| Select group hotkey | 272 | |
| Use ability | 52 | |
758 total
» units
» upgrades
| Swords | 2 | |
| Armor | 2 | |
| Storm Hammers | 1 | |
5 total
» buildings
| Altar of Kings | 1 | |
| Farm | 8 | |
| Scout Tower | 7 | |
| Lumber Mill | 1 | |
| Arcane Vault | 1 | |
| Arcane Tower | 1 | |
| Keep | 1 | |
| Guard Tower | 6 | |
| Blacksmith | 1 | |
| Gryphon Aviary | 2 | |
| Castle | 1 | |
30 total
» build order
00:05 Altar of Kings
00:12 Farm
02:16 Scout Tower
02:22 Lumber Mill
02:29 Arcane Vault
02:35 Farm
02:39 Scout Tower
02:50 Arcane Tower
03:12 Keep
03:52 Guard Tower
03:55 Farm
03:59 Scout Tower
04:37 Blacksmith
04:59 Farm
05:02 Scout Tower
05:05 Guard Tower
05:51 Gryphon Aviary
05:57 Gryphon Aviary
06:13 Castle
06:23 Guard Tower
06:31 Farm
07:24 Scout Tower
07:31 Scout Tower
07:33 Farm
07:57 Guard Tower
08:52 Guard Tower
08:55 Scout Tower
08:57 Farm
14:06 Farm
14:07 Guard Tower
» items
| Scroll of Regeneration | 2 | |
| Lesser Clarity Potion | 2 | |
| Scroll of Town Portal | 2 | |
6 total

»
Bellabug (
orange | 15 APM | 451 actions | 29:14)
3 Dark Ranger
2 Black Arrow
1 Silence
» actions
| Assign group hotkey | 15 | |
| Basic commands | 25 | |
| Build / train | 28 | |
| Enter build submenu | 17 | |
| Enter hero's abilities submenu | 3 | |
| Right click | 137 | |
| Select / deselect | 132 | |
| Select group hotkey | 71 | |
| Use ability | 23 | |
451 total
» units
| Peasant | 12 | |
| Footman | 5 | |
| Goblin Shredder | 1 | |
| Siege Engine | 1 | |
19 total
» upgrades
» buildings
| Farm | 8 | |
| Blacksmith | 1 | |
| Barracks | 1 | |
| Altar of Kings | 1 | |
| Lumber Mill | 1 | |
| Keep | 1 | |
| Town Hall | 1 | |
| Castle | 1 | |
| Workshop | 3 | |
18 total
» build order
00:22 Farm
00:25 Farm
00:39 Blacksmith
01:07 Farm
01:30 Barracks
01:46 Farm
02:18 Altar of Kings
02:24 Farm
02:32 Lumber Mill
04:14 Keep
05:13 Town Hall
06:36 Castle
07:14 Workshop
07:19 Workshop
07:24 Workshop
07:30 Farm
07:32 Farm
08:58 Farm
team 2 (winner)
rt)Karma (
purple | 170 APM | 5329 actions | 31:16)
10 Mountain King
3 Storm Bolt
3 Thunder Clap
3 Bash
1 Avatar
» actions
| Assign group hotkey | 265 | |
| Basic commands | 8 | |
| Build / train | 312 | |
| Enter build submenu | 58 | |
| Enter hero's abilities submenu | 13 | |
| Remove unit from queue | 21 | |
| Right click | 2683 | |
| Select / deselect | 567 | |
| Select group hotkey | 1216 | |
| Use ability | 186 | |
5329 total
» units
| Peasant | 46 | |
| Footman | 21 | |
| Rifleman | 13 | |
| Knight | 8 | |
| Flying Machine | 27 | |
| Gryphon Rider | 29 | |
| Dragonhawk Rider | 7 | |
| Goblin Shredder | 2 | |
| Mortar Team | 25 | |
178 total
» upgrades
| Gunpowder | 3 | |
| Long Rifles | 1 | |
| Swords | 1 | |
| Plating | 1 | |
| Lumber Harvesting | 1 | |
| Flak Cannons | 1 | |
| Flying Machine Bombs | 1 | |
| Storm Hammers | 1 | |
| Cloud | 1 | |
| Fragmentation Shards | 1 | |
12 total
» buildings
| Altar of Kings | 3 | |
| Farm | 23 | |
| Barracks | 5 | |
| Blacksmith | 2 | |
| Scout Tower | 6 | |
| Arcane Tower | 19 | |
| Arcane Vault | 2 | |
| Keep | 7 | |
| Lumber Mill | 2 | |
| Town Hall | 2 | |
| Castle | 4 | |
| Workshop | 3 | |
| Guard Tower | 2 | |
| Gryphon Aviary | 3 | |
83 total
» build order
00:37 Altar of Kings
00:56 Altar of Kings
01:01 Altar of Kings
01:03 Farm
01:09 Barracks
01:14 Farm
01:14 Farm
01:32 Farm
01:52 Blacksmith
01:54 Barracks
01:56 Barracks
02:02 Farm
02:33 Scout Tower
02:41 Farm
02:54 Farm
02:58 Scout Tower
03:08 Scout Tower
03:11 Arcane Tower
03:11 Arcane Tower
03:16 Scout Tower
03:19 Farm
03:37 Farm
03:44 Farm
03:52 Farm
03:52 Arcane Tower
03:53 Arcane Tower
03:53 Arcane Tower
04:06 Arcane Tower
04:06 Arcane Tower
04:07 Arcane Tower
04:58 Arcane Vault
05:03 Arcane Vault
05:26 Keep
05:26 Keep
05:31 Keep
05:45 Lumber Mill
05:46 Blacksmith
06:07 Lumber Mill
07:21 Farm
07:23 Barracks
07:35 Town Hall
07:50 Castle
07:50 Castle
08:28 Scout Tower
08:40 Arcane Tower
08:40 Arcane Tower
08:56 Barracks
08:58 Farm
09:17 Arcane Tower
09:17 Arcane Tower
09:34 Farm
11:41 Workshop
12:22 Scout Tower
12:49 Farm
12:56 Guard Tower
12:58 Gryphon Aviary
13:00 Gryphon Aviary
13:08 Gryphon Aviary
13:27 Workshop
15:07 Castle
15:33 Workshop
15:43 Farm
15:44 Farm
15:50 Farm
16:00 Farm
16:03 Farm
16:03 Farm
16:04 Farm
16:12 Farm
25:06 Town Hall
» items
| Scroll of Regeneration | 5 | |
| Lesser Clarity Potion | 13 | |
| Scroll of Town Portal | 2 | |
20 total
CantFeelMyFace (
red | 46 APM | 1789 actions | 39:09)
8 Archmage
3 Summon Water Elemental
3 Brilliance Aura
1 Mass Teleport
1 Blizzard
» actions
| Assign group hotkey | 54 | |
| Basic commands | 294 | |
| Build / train | 95 | |
| Enter build submenu | 54 | |
| Enter hero's abilities submenu | 8 | |
| Give item / drop item | 6 | |
| Right click | 532 | |
| Select / deselect | 402 | |
| Select group hotkey | 203 | |
| Use ability | 141 | |
1789 total
» units
| Peasant | 12 | |
| Footman | 4 | |
| Goblin Shredder | 1 | |
| Gryphon Rider | 10 | |
| Goblin Zeppelin | 1 | |
| Goblin Sapper | 7 | |
35 total
» upgrades
| Masonry | 3 | |
| Swords | 3 | |
| Animal War Training | 1 | |
| Armor | 3 | |
| Storm Hammers | 1 | |
| Gunpowder | 2 | |
| Plating | 2 | |
15 total
» buildings
| Altar of Kings | 1 | |
| Barracks | 1 | |
| Farm | 12 | |
| Scout Tower | 35 | |
| Arcane Tower | 1 | |
| Keep | 1 | |
| Lumber Mill | 2 | |
| Arcane Vault | 2 | |
| Town Hall | 2 | |
| Guard Tower | 12 | |
| Castle | 1 | |
| Gryphon Aviary | 4 | |
| Blacksmith | 2 | |
76 total
» build order
00:35 Altar of Kings
00:37 Barracks
00:49 Farm
00:51 Farm
01:09 Farm
01:41 Farm
02:07 Scout Tower
02:41 Arcane Tower
03:56 Keep
03:58 Lumber Mill
04:09 Arcane Vault
05:25 Town Hall
05:33 Scout Tower
05:33 Scout Tower
05:34 Scout Tower
05:39 Scout Tower
05:39 Scout Tower
05:40 Scout Tower
05:42 Scout Tower
05:45 Scout Tower
05:49 Lumber Mill
06:19 Guard Tower
06:22 Guard Tower
06:26 Guard Tower
06:29 Guard Tower
07:18 Castle
07:42 Scout Tower
07:43 Scout Tower
07:44 Scout Tower
07:45 Scout Tower
08:02 Guard Tower
08:24 Gryphon Aviary
08:27 Gryphon Aviary
08:30 Gryphon Aviary
08:33 Gryphon Aviary
08:36 Blacksmith
09:12 Guard Tower
09:16 Blacksmith
09:43 Guard Tower
10:02 Farm
13:52 Guard Tower
16:57 Scout Tower
16:58 Scout Tower
16:58 Scout Tower
16:59 Scout Tower
16:59 Scout Tower
17:00 Scout Tower
18:52 Guard Tower
19:38 Farm
19:39 Farm
19:39 Farm
19:40 Farm
19:41 Farm
19:42 Farm
19:42 Farm
21:07 Town Hall
21:11 Scout Tower
21:11 Scout Tower
21:11 Scout Tower
21:12 Scout Tower
21:13 Scout Tower
21:13 Scout Tower
21:15 Arcane Vault
21:16 Scout Tower
21:16 Scout Tower
22:10 Guard Tower
22:12 Guard Tower
25:34 Guard Tower
» items
| Scroll of Regeneration | 3 | |
| Mechanical Critter | 5 | |
| Potion of Healing | 2 | |
| Scroll of Town Portal | 2 | |
| Periapt of Vitality | 3 | |
| Potion of Lesser Invulnerability | 1 | |
| Potion of Mana | 1 | |
| Lesser Clarity Potion | 1 | |
| Potion of Greater Healing | 1 | |
| Sentry Wards | 1 | |
| Staff of Teleportation | 1 | |
21 total
drdr (
green | 0 APM | 0 actions | 00:15)

»
IStillDontCare (
blue | 35 APM | 1369 actions | 39:08)
7 Blademaster
3 Wind Walk
3 Critical Strike
1 Bladestorm
» actions
| Assign group hotkey | 31 | |
| Basic commands | 23 | |
| Build / train | 55 | |
| ESC pressed | 5 | |
| Enter build submenu | 26 | |
| Enter hero's abilities submenu | 7 | |
| Give item / drop item | 4 | |
| Right click | 510 | |
| Select / deselect | 298 | |
| Select group hotkey | 368 | |
| Use ability | 42 | |
1369 total
» units
| Peon | 14 | |
| Grunt | 6 | |
| Wind Rider | 9 | |
| Troll Batrider | 5 | |
34 total
» upgrades
» buildings
| Altar of Storms | 1 | |
| Orc Burrow | 8 | |
| Barracks | 1 | |
| Voodoo Lounge | 1 | |
| Scout Tower | 1 | |
| Arcane Tower | 1 | |
| Stronghold | 1 | |
| War Mill | 1 | |
| Beastiary | 2 | |
| Great Hall | 5 | |
| Fortress | 1 | |
| Watch Tower | 5 | |
28 total
» build order
00:17 Altar of Storms
00:21 Orc Burrow
00:36 Barracks
01:51 Voodoo Lounge
02:04 Orc Burrow
02:35 Scout Tower
03:04 Arcane Tower
03:33 Stronghold
04:24 Orc Burrow
04:31 Orc Burrow
04:39 War Mill
05:59 Beastiary
06:03 Beastiary
06:52 Great Hall
12:25 Orc Burrow
12:32 Orc Burrow
12:48 Orc Burrow
13:01 Fortress
18:02 Great Hall
19:29 Orc Burrow
21:16 Watch Tower
23:07 Great Hall
23:10 Watch Tower
23:13 Watch Tower
23:14 Watch Tower
23:16 Watch Tower
24:01 Great Hall
25:07 Great Hall
» items
| Healing Salve | 1 | |
| Boots of Speed | 1 | |
| Claws of Attack +6 | 1 | |
| Ring of Protection +2 | 1 | |
| Scroll of Healing | 1 | |
| Scroll of Town Portal | 1 | |
6 total
Chat log
(00:17 / Allies) rt)Karma: i got
(00:23 / Allies) rt)Karma: dont quit
(00:24 / Allies) rt)Karma: i got
(00:25 / Allies) CantFeelMyFace: k
(00:33 / Allies) IStillDontCare: no lie 5th game in a row my ally has left
(00:37 / Allies) IStillDontCare: FIVE
(00:39 / Allies) rt)Karma: we fine
(00:42 / Allies) rt)Karma: im better thna he wud be
(00:57 / Allies) rt)Karma: wtf
(00:58 / Allies) rt)Karma: u doing
(00:59 / Allies) rt)Karma: stop
(01:02 / Allies) IStillDontCare: ill help if you want
(01:06 / All) CantFeelMyFace: if all your team leaves very quickly do you guys consider that legit game
(01:07 / Allies) rt)Karma: i got bro
(01:18 / All) LaTLmachoisie: if we win
(01:20 / Allies) IStillDontCare: alright that wasnt me though
(01:21 / All) Bellabug: no
(01:27 / Allies) rt)Karma: k it just messes me up
(01:28 / All) LaTLmachoisie: wont be happy as usual
(01:29 / Allies) rt)Karma: if 2 people use
(01:33 / All) CantFeelMyFace: what if its your team that leaves
(01:36 / Allies) IStillDontCare: ok
(01:39 / Allies) rt)Karma: blue
(01:41 / Allies) rt)Karma: build a vault
(01:42 / Allies) rt)Karma: for urself
(01:46 / Allies) rt)Karma: better or
(01:48 / Allies) rt)Karma: arc tower
(01:49 / Allies) rt)Karma: w/e u want
(08:01 / Allies) rt)Karma: stay
(08:01 / Allies) rt)Karma: bluje
(08:06 / Allies) IStillDontCare: stay
(08:36 / Allies) rt)Karma: hit his expo
(10:46 / Allies) rt)Karma: main
(11:12 / All) Bellabug: gg noone playing on my team but teal
(11:17 / All) FatFreeWa.r3: lawl
(11:19 / All) rt)Karma: gg ownt
(11:21 / All) FatFreeWa.r3: they have a leaver
(11:46 / All) FatFreeWa.r3: I just disabled an entire player with one heo
(11:50 / All) FatFreeWa.r3: what've you done all game oj
(11:52 / All) rt)Karma: lol
(11:54 / Allies) rt)Karma: U aint disabled
(11:55 / All) rt)Karma: Nothing
(12:00 / All) IStillDontCare: what player was that?
(12:04 / All) Bellabug: get AA, yellow and pink going gryphon
(12:06 / All) rt)Karma: u killed some workers
(12:08 / All) rt)Karma: Which dosnt matter
(12:10 / All) rt)Karma: he got 2k wood
(12:11 / All) FatFreeWa.r3: or economy
(12:12 / All) rt)Karma: and i got 2k gold
(12:14 / All) rt)Karma: so
(12:15 / Allies) rt)Karma: no effect
(12:19 / All) rt)Karma: no efffect
(12:22 / All) FatFreeWa.r3: I have 5k
(12:25 / All) rt)Karma: but u lost
(12:26 / All) rt)Karma: >..
(12:32 / All) FatFreeWa.r3: you lose
(12:39 / All) rt)Karma: naw
(14:42 / Allies) rt)Karma: tp
(14:51 / All) Bellabug: just wow this is funny
(15:22 / All) Bellabug: watchout pink ur 4 gryphons might die
(15:30 / All) Bellabug: sorry 3 lol
(16:13 / All) Bellabug: seriously beefcake wtf did u do all game\
(16:17 / All) CantFeelMyFace: lol
(16:21 / All) IStillDontCare: nah hes terrible
(16:25 / All) IStillDontCare: had him last game
(17:13 / All) Bellabug: no i just wabt to watch
(17:36 / All) Bellabug: yeah yellow sitting on 4k and just 2 gryphons
(17:42 / All) FatFreeWa.r3: No
(17:45 / All) FatFreeWa.r3: I have 5 footies too
(17:55 / All) Bellabug: oh i 1 sorc
(18:37 / Allies) rt)Karma: lol
(19:02 / All) Bellabug: here comes yellow
(19:10 / All) Bellabug: no wait he stopped
(20:18 / All) Bellabug: this is gonna be funny
(21:50 / All) FatFreeWa.r3: Gay
(21:53 / All) FatFreeWa.r3: that mk stun me?
(21:53 / All) Bellabug: gj yellow u rocked
(21:56 / All) FatFreeWa.r3: I didn't even see it
(22:02 / All) rt)Karma: cuz im fast as lightning
(22:16 / All) Bellabug: u pwned them so hard... damn yellow u own
(22:29 / All) Bellabug: so glad u and pink had nothing
(22:36 / All) CantFeelMyFace: why you sticking around to be a backbiter
(22:39 / All) CantFeelMyFace: nobody likes a party pooper
(22:46 / All) Bellabug: i do
(23:07 / All) CantFeelMyFace: you're daed, your opinion is irrelevant
(23:16 / All) LaTLmachoisie: that an hardcore onme
(24:17 / All) Bellabug: here comes yellows comeback
(24:23 / All) LaTLmachoisie: lol
(24:39 / Allies) rt)Karma: red
(24:42 / Allies) rt)Karma: wtf
(24:50 / Allies) rt)Karma: now utk?
(24:54 / All) Bellabug: red TKing?\
(24:57 / Allies) rt)Karma: dude kill these gay fuycks
(25:01 / Allies) rt)Karma: dudes are fucking gay
(25:38 / Allies) rt)Karma: idk
(25:40 / Allies) rt)Karma: wtf going on
(25:42 / Allies) rt)Karma: why not just kill them
(25:45 / All) Bellabug: why TKing red?\
(25:45 / Allies) rt)Karma: all the shit talking they done
(25:46 / Allies) rt)Karma: w/e
(25:47 / Allies) IStillDontCare: yeah man i mean its tough
(26:07 / All) rt)Karma: people are weird
(26:13 / All) CantFeelMyFace: PEOPLE ARE STRANGE
(26:17 / All) rt)Karma: u are
(26:20 / All) FatFreeWa.r3: Teal is stealing my expos
(26:24 / All) CantFeelMyFace: LOST BOYS ROLL OUT
(26:25 / Allies) IStillDontCare: what a puss
(26:27 / All) FatFreeWa.r3: I had peasants heading to them
(26:29 / All) Bellabug: now yellow TKing
(26:30 / All) FatFreeWa.r3: but he tried to take them
(26:32 / All) rt)Karma: Idk bro
(26:33 / All) rt)Karma: we still won
(26:35 / All) rt)Karma: Dont care if u tk
(26:37 / All) rt)Karma: lol
(26:42 / All) FatFreeWa.r3: I tk too
(26:49 / All) rt)Karma: do it
(26:52 / All) rt)Karma: make it all fucked up
(27:08 / All) CantFeelMyFace: IT'S JUST A POWER PLAY
(27:09 / All) Bellabug: he has done nothing, atleast TKing is something
(27:13 / Allies) IStillDontCare: guess ill take green lol
(27:16 / All) CantFeelMyFace: A POWER, POWER PLAY YAY
(27:56 / All) FatFreeWa.r3: Teal is tk
(28:00 / All) FatFreeWa.r3: I'm eporting him to blizzard
(28:09 / All) Bellabug: you TKed he responded yellow
(28:11 / All) CantFeelMyFace: Do it, blizzard rocks IMO
(28:17 / All) CantFeelMyFace: I've gotten a lot of tkers banned
(28:18 / All) FatFreeWa.r3: He tked me by taking my expo first
(28:21 / All) CantFeelMyFace: I'm saving this replay to ban him
(28:33 / All) Bellabug: he was there 1st yellow
(28:33 / All) FatFreeWa.r3: report teal for me
(28:36 / All) FatFreeWa.r3: 2 reports is better
(28:41 / All) Bellabug: you then TKed him
(28:42 / All) CantFeelMyFace: YOU GOT IT DUDE!
(28:55 / All) LaTLmachoisie: what a bnch of peac of shit
(29:05 / All) CantFeelMyFace: tk scum
(29:22 / All) FatFreeWa.r3: My noob team finally left
(29:27 / All) CantFeelMyFace: bad news for you dudes
(30:00 / All) FatFreeWa.r3: woot another win
(30:01 / All) FatFreeWa.r3: Free win
(30:27 / All) CantFeelMyFace: purple has some bad rt karma
(30:35 / All) rt)Karma: lol that why u tk?
(30:37 / All) rt)Karma: idc
(30:41 / All) CantFeelMyFace: must be
(30:51 / All) CantFeelMyFace: in a previous game life you must have done some bad mojo
(31:05 / All) rt)Karma: naw
(31:09 / All) rt)Karma: ur just a nerd
(31:10 / All) rt)Karma: lo
(31:12 / All) rt)Karma: get some pussy
(31:13 / All) rt)Karma: bra
(31:18 / All) CantFeelMyFace: lol
(31:31 / All) CantFeelMyFace: your turn blue
(31:34 / All) CantFeelMyFace: get on out
(31:43 / All) IStillDontCare: figured youd tk me first
(31:44 / All) CantFeelMyFace: please sir
(31:47 / All) IStillDontCare: try and get me to care
(31:49 / All) FatFreeWa.r3: when you play how we do you don't need micro
(31:55 / All) FatFreeWa.r3: you just need gold to fund your amoves
(32:02 / All) CantFeelMyFace: precisely
(32:02 / All) IStillDontCare: i figured thatd be the route but i cant figure you guys out
(32:06 / All) IStillDontCare: youre all the samne
(32:18 / All) IStillDontCare: ive played 100 games with you before
(32:22 / All) CantFeelMyFace: 2 more weeks McGregor vs RDA
(32:25 / All) CantFeelMyFace: WOOOOOOOOOOOOOOOOOOOOOOOOOOOOOO
(33:06 / All) IStillDontCare: shame the game cant be about fun like it used to be
(33:09 / All) IStillDontCare: good ol days
(33:12 / All) FatFreeWa.r3: I'm having fun
(33:21 / All) IStillDontCare: no everyone wants to be hated
(33:26 / All) IStillDontCare: they love it
(33:27 / All) FatFreeWa.r3: LOL
(33:30 / All) IStillDontCare: it gets them off
(33:30 / All) CantFeelMyFace: why don't you just smurf
(33:38 / All) FatFreeWa.r3: how much do you care abotu your reputation in an ancient game
(33:38 / All) CantFeelMyFace: what's the point of staying on 1 account past say 5-10 games
(33:41 / All) IStillDontCare: since they cant get off any other way
(33:49 / All) IStillDontCare: except of course with your dominant hand
(33:53 / All) IStillDontCare: right red?
(34:18 / All) FatFreeWa.r3: I have a 95 lbs girlfriend and I'm a millionaire
(34:34 / All) IStillDontCare: what else?
(34:37 / All) IStillDontCare: lies come in threes
(34:47 / All) IStillDontCare: let me guess
(34:50 / All) CantFeelMyFace: I have threesome evrey 2 week
(34:51 / All) FatFreeWa.r3: only one of those might have been an exaggeration
(34:51 / All) IStillDontCare: hung like a horse
(34:57 / All) FatFreeWa.r3: yeah
(35:02 / All) IStillDontCare: thats the third lie
(35:04 / All) IStillDontCare: of course
(35:13 / All) CantFeelMyFace: I have 189 IQ
(35:16 / All) FatFreeWa.r3: do you want pics to verify it
(35:20 / All) FatFreeWa.r3: I can write your username on it
(35:25 / All) FatFreeWa.r3: wow only 189 are you retarded
(35:27 / All) IStillDontCare: this is quite a waste of it red
(35:32 / All) CantFeelMyFace: I went to MIT and graduated magna cum laude in 2 week
(35:34 / All) FatFreeWa.r3: I have 250
(35:40 / All) FatFreeWa.r3: I've taken IQ tests on the internet
(35:43 / All) FatFreeWa.r3: and they all say about that
(36:28 / All) FatFreeWa.r3: Blue is 129-144 LOL
(36:34 / All) FatFreeWa.r3: That's a joke record
(36:40 / All) CantFeelMyFace: "because I get allies like you durr"
(36:43 / All) FatFreeWa.r3: you can nelf tree hide to better win rate
(36:47 / All) IStillDontCare: well with games like this could you blame me?
(36:53 / All) FatFreeWa.r3: yes
(36:55 / All) FatFreeWa.r3: I could
(36:58 / All) IStillDontCare: idk man
(37:07 / All) IStillDontCare: tkers are rampant
(37:16 / All) CantFeelMyFace: you get as many free wins as losses
(37:17 / All) CantFeelMyFace: eventually
(37:21 / All) IStillDontCare: and having an above 500 record would mean that i care
(37:29 / All) IStillDontCare: and thats just not true
(38:01 / All) CantFeelMyFace: any last words?
(38:04 / All) IStillDontCare: so ill be getting my "free win" next then yes?
(38:11 / All) CantFeelMyFace: Not necessarily
(38:16 / All) FatFreeWa.r3: yeah next game enemy team probably leaves
(38:18 / All) CantFeelMyFace: Eventually it will even out tho
(38:19 / All) FatFreeWa.r3: since this is wc3
(38:31 / All) IStillDontCare: well then it just hasnt happened yet
(38:35 / All) CantFeelMyFace: it has
(38:40 / All) IStillDontCare: see me at 350-350
(38:51 / All) CantFeelMyFace: you have enough gmaes that it should be very close